 Dungeon Crawl Stone Soup version 0.21-a0-349-g0c35859 (webtiles) character file.

6134 vishdafish the Cleaver (level 10, -5/71 HPs)
             Began as a Demonspawn Chaos Knight on Oct 7, 2017.
             Slain by a troll (8 damage)
             ... on level 8 of the Dungeon.
             The game lasted 00:23:12 (11490 turns).

vishdafish the Cleaver (Demonspawn Chaos Knight)   Turns: 11490, Time: 00:23:12

Health: -5/71      AC: 12    Str: 16      XL:     10   Next: 59%
Magic:  0/12       EV: 19    Int:  9      God:    Xom [..*...]
Gold:   523        SH:  0    Dex: 13 (15) Spells: 9/9 levels left

rFire    + + .     SeeInvis .   a - +0 hand axe (chaos)
rCold    . . .     Gourm    .   (no shield)
rNeg     . . .     Faith    .   b - +2 leather armour
rPois    .         Spirit   +   (helmet restricted)
rElec    .         Reflect  .   (no cloak)
rCorr    .         Harm     +   z - +1 pair of gloves
MR       +....                  w - +0 pair of boots {Stlth+}
Stlth    ++........             E - amulet of harm
HPRegen  0.21/turn              k - -2 ring of intelligence (curse)
MPRegen  0.26/turn              K - +4 ring of evasion

@: hasted, very quick
A: claws 2, horns 1, slimy green scales 2, agile 1, blurry vision 2, dopey 1,
fire resistance 2, frail 1, magic resistance 1, screaming 1, wild magic 1, magic
shield, magic regeneration
a: Renounce Religion


You were on level 8 of the Dungeon.
You worshipped Xom.
You were a toy of Xom.
You were very hungry.

You visited 1 branch of the dungeon, and saw 9 of its levels.

You collected 578 gold pieces.
You spent 55 gold pieces at shops.

Inventory:

Hand Weapons
 a - a +0 hand axe of chaos (weapon)
Missiles
 H - 7 javelins of penetration (quivered)
Armour
 b - a +2 leather armour (worn)
 d - a +0 pair of gloves
 w - a +0 pair of boots of stealth (worn)
 z - a +1 pair of gloves (worn)
Jewellery
 e - an uncursed amulet of magic regeneration
 k - a cursed -2 ring of intelligence (left hand)
 r - a +2 ring of protection
 E - an amulet of harm (around neck)
 K - a +4 ring of evasion (right hand)
 L - an uncursed ring of flight
Wands
 i - a wand of acid (0/15)
 D - a wand of flame (15/48)
Scrolls
 f - 2 scrolls of immolation
 g - 2 scrolls of fear {unknown}
 h - 3 scrolls of identify
 j - 3 scrolls of teleportation {unknown}
 m - a scroll of fog
 o - 2 scrolls of noise
 p - a scroll of recharging {unknown}
 q - a scroll of enchant armour {unknown}
 u - 2 scrolls of amnesia {unknown}
 v - 4 scrolls of blinking {unknown}
 x - a scroll of magic mapping {unknown}
 y - 3 scrolls of remove curse {unknown}
 I - a scroll of enchant weapon {unknown}
Potions
 n - 3 potions of flight
 s - a potion of lignification
 F - 2 potions of agility
 N - a potion of cancellation {unknown}
Books
 A - a book of Party Tricks

   Spells                             Type                      Level
   a - Summon Butterflies             Summoning                    1
   b - Apportation                    Translocation                1
   c - Lesser Beckoning               Translocation                3
   d - Tukima's Dance                 Hexes                        3
   e - Alistair's Intoxication        Transmutation/Poison         5
   f - Invisibility                   Hexes                        6
 C - a book of Conjurations

   Spells                             Type                      Level
   a - Magic Dart                     Conjuration                  1
   b - Searing Ray                    Conjuration                  2
   c - Dazzling Spray                 Conjuration/Hexes            3
   d - Fulminant Prism                Conjuration/Hexes            4
   e - Force Lance                    Conjuration/Translocation    4
   f - Iskenderun's Mystic Blast      Conjuration                  4
Miscellaneous
 G - a phantom mirror
Comestibles
 c - 4 bread rations
 l - 2 fruits
 t - 10 meat rations
 J - 12 royal jellies


   Skills:
 + Level 7.5 Fighting
 * Level 9.5 Axes
 + Level 6.6 Armour
 + Level 6.4 Dodging
 * Level 3.8 Evocations


You had 9 spell levels left.
You didn't know any spells.

Dungeon Overview and Level Annotations

Branches:
Dungeon (9/15)             Temple (0/1) D:6             Orc (0/2) D:9
   Lair: D:8-11

Altars:
Gozag
Nemelex Xobeh
Ru
Sif Muna
Vehumet
Xom

Shops:
D:4 }(   D:5 [!   D:9 *


Innate Abilities, Weirdness & Mutations

You have very sharp fingernails.
You are mostly covered in slimy green scales. (AC +3)
Your flesh is very heat resistant. (rF++)
When hurt, damage is shared between your health and your magic reserves.
You regenerate magic rapidly.
You have a pair of small horns on your head.
You are agile. (Dex +2)
Scrolls take you longer to read.
You are dopey. (Int -2)
You are frail. (-10% HP)
You are resistant to hostile enchantments. (MR+)
You occasionally shout uncontrollably at your foes.
Your spells are a little harder to cast, but a little more powerful.


Message History

* * * LOW HITPOINT WARNING * * *
The troll claws you but does no damage. x2
You hit the troll but do no damage.
The troll is lightly wounded.
Xom's power almost touches on you for a moment.
Your skin tingles.
The troll barely misses you. The troll claws you.
* * * LOW HITPOINT WARNING * * *
The troll claws you.
* * * LOW HITPOINT WARNING * * *
You hit the troll.
The troll is poisoned.
Your headbutt misses the troll.
The troll is moderately wounded.
The troll closely misses you. x3
The troll completely misses you. The troll misses you.
The troll closely misses you. The troll completely misses you.
The troll claws you!
* * * LOW HITPOINT WARNING * * *
The troll misses you.
You feel yourself speed up. The troll bites you!
You die...
Xom roars with laughter!

....## #.##.#
###..# #.##.#
####.### #.##.#
.......## #.##.#
####.#..###
###.##.#
#.##...###...##.#
##
#.####...#.####.#
.###.#
###.....##.#
..##.###
###.#.@#.#
#......# #.##T#.#
####.#.# #.##.#.#
...#...##
##.##>#.#
##.###..##
#..##.#.#
#.####..#
#.###.#.#
#..###..###.#
#.#.#
##......##..#
#.#.#
######.##.##
#...#


You could see a troll.

Vanquished Creatures
  A two-headed ogre (D:9)
  A deep troll (shapeshifter) (D:9)
  Prince Ribbit (D:7)
  A hippogriff (D:6)
  6 yaks
  Menkaure (D:7)
  A water moccasin (D:9)
  3 ice beasts
  An orc warrior (D:9)
  A sky beast (D:3)
  3 black bears
  4 ogres
  2 centaurs
  3 phantoms
  3 big kobolds
  3 bullfrogs
  A gnoll sergeant (D:9)
  A water moccasin zombie (D:9)
  A scorpion (D:6)
  2 electric eels (D:6)
  A howler monkey (D:6)
  2 howler monkeys (shapeshifter)
  6 crimson imps
  3 orc wizards
  2 quasits (D:9)
  5 orc priests
  3 bullfrog skeletons
  6 jellies
  A gnoll shaman (D:9)
  2 hounds
  An iguana (D:6)
  5 worker ants
  A hound skeleton (D:5)
  A worker ant zombie (D:5)
  8 gnolls
  9 adders
  3 shadow imps
  A white imp (D:9)
  9 oozes
  2 worms
  3 dart slugs
  10 leopard geckos
  26 orcs
  12 bats
  5 giant cockroaches
  13 hobgoblins
  11 jackals
  2 quokkas
  4 frilled lizards
  10 goblins
  54 kobolds
  A leopard gecko skeleton (D:5)
  2 quokka skeletons
  4 rats (D:2)
268 creatures vanquished.

Vanquished Creatures (collateral kills)
  A two-headed ogre (D:8)
  A yak (D:9)
  An ogre (D:9)
  An orc wizard (D:3)
  An orc (D:3)
  2 goblins
  A hobgoblin (D:4)
8 creatures vanquished.

Vanquished Creatures (others)
  2 yaks (D:8)
  A centaur (D:8)
  2 big kobolds (D:6)
  A worker ant (D:5)
  A worm (D:2)
  2 orcs (D:5)
  3 kobolds (D:6)
12 creatures vanquished.

Grand Total: 288 creatures vanquished

Notes
Turn   | Place    | Note
-------+----------+-------------------------------------------
     0 | D:1      | vishdafish the Demonspawn Chaos Knight began the quest for the Orb.
     0 | D:1      | Reached XP level 1. HP: 18/18 MP: 1/1
    14 | D:1      | XOM: divination: detect items
    16 | D:1      | Reached skill level 1 in Dodging
   144 | D:1      | Gained mutation: When hurt, damage is shared between your health and your magic reserves. [demonic ancestry]
   144 | D:1      | Reached XP level 2. HP: 21/24 MP: 2/2
   210 | D:1      | XOM: potion effect (might)
   220 | D:1      | Reached skill level 3 in Axes
   557 | D:1      | XOM: cloud trail
   740 | D:1      | XOM: scenery: create altars
   800 | D:2      | XOM: polymorph adder -> dart slug
   800 | D:2      | Noticed a howler monkey
   800 | D:2      | a dart slug changed into a howler monkey
   803 | D:2      | Killed a howler monkey
   803 | D:2      | Gained mutation: You have sharp fingernails. [demonic ancestry]
   803 | D:2      | Reached XP level 3. HP: 25/29 MP: 3/3
   844 | D:2      | Gained mutation: You are partially covered in slimy green scales. (AC +2) [demonic ancestry]
   844 | D:2      | Reached XP level 4. HP: 31/35 MP: 2/4
   848 | D:2      | XOM: smoke on damage
  1040 | D:2      | XOM: scenery: create altars
  1193 | D:2      | XOM: god gift: 40 gold pieces
  1481 | D:3      | Gained mutation: You regenerate magic rapidly. [demonic ancestry]
  1481 | D:3      | Reached XP level 5. HP: 42/42 MP: 5/5
  1580 | D:3      | Noticed a sky beast
  1616 | D:3      | XOM: summons friendly crimson imp
  1626 | D:3      | Killed a sky beast
  1626 | D:3      | Reached skill level 4 in Axes
  1666 | D:3      | Found a radiant altar of Vehumet.
  1666 | D:3      | Found a deep blue altar of Sif Muna.
  1769 | D:3      | XOM: 2-stop teleportation journey
  1971 | D:3      | Reached XP level 6. HP: 45/48 MP: 6/6
  2133 | D:3      | XOM: give mutation
  2133 | D:3      | Gained mutation: Scrolls take you a little longer to read. [Xom's mischief]
  2453 | D:4      | XOM: noise
  2588 | D:3      | XOM: torment (28/48 hp)
  2857 | D:4      | XOM: summons 2 friendly demons
  2928 | D:3      | XOM: noise
  2929 | D:3      | XOM: enchant monster (bad)
  3192 | D:4      | Found Lyteg's Gadget Shop.
  3208 | D:4      | Found Siyreged's Antique Weapon Shoppe.
  3240 | D:4      | Reached skill level 5 in Axes
  3345 | D:4      | Found a sacrificial altar of Ru.
  3389 | D:4      | Gained mutation: You have very sharp fingernails. [demonic ancestry]
  3389 | D:4      | Reached XP level 7. HP: 44/55 MP: 7/7
  3771 | D:5      | Entered Level 5 of the Dungeon
  3854 | D:5      | XOM: confuse monster(s)
  4006 | D:5      | XOM: harmless Hex miscast
  4208 | D:5      | Found Liru's Armour Shop.
  4298 | D:5      | XOM: god gift: hunting sling {god gift}
  4333 | D:5      | XOM: harmless Ice miscast
  4412 | D:5      | XOM: give mutations
  4412 | D:5      | Gained mutation: You are clumsy. (Dex -2) [Xom's mischief]
  4412 | D:5      | Gained mutation: You are very clumsy. (Dex -4) [Xom's mischief]
  4491 | D:5      | Found Piampy's Distillery.
  4494 | D:5      | Bought a potion of heal wounds for 55 gold pieces
  4676 | D:5      | Found a shimmering altar of Xom.
  4699 | D:5      | XOM: give mutations
  4699 | D:5      | Gained mutation: You can translocate small distances at will. [Xom's mischief]
  4699 | D:5      | Gained mutation: Scrolls take you longer to read. [Xom's mischief]
  4699 | D:5      | Gained mutation: You are frail. (-10% HP) [Xom's mischief]
  4699 | D:5      | Gained mutation: You occasionally shout uncontrollably at your foes. [Xom's mischief]
  4719 | D:5      | XOM: summons 2 hostile demons
  4945 | D:5      | XOM: give mutations
  4945 | D:5      | Gained mutation: Armour fits poorly on your strangely shaped body. [Xom's mischief]
  4945 | D:5      | Lost mutation: Scrolls take you longer to read. [Xom's mischief]
  4945 | D:5      | Lost mutation: Armour fits poorly on your strangely shaped body. [Xom's mischief]
  4978 | D:5      | XOM: noise
  5103 | D:6      | XOM: god gift: book of Party Tricks
  5155 | D:6      | Reached skill level 5 in Fighting
  5365 | D:6      | Reached skill level 6 in Axes
  5365 | D:6      | Reached XP level 8. HP: 55/55 MP: 8/8
  5677 | D:6      | Noticed a hippogriff
  5681 | D:6      | Killed a hippogriff
  5713 | D:6      | XOM: scenery: create altars
  5717 | D:6      | XOM: cleaving
  5729 | D:6      | XOM: give mutations
  5729 | D:6      | Gained mutation: You tend to lose your temper in combat. [Xom's mischief]
  5729 | D:6      | Lost mutation: You are very clumsy. (Dex -4) [Xom's mischief]
  5729 | D:6      | Gained mutation: Scrolls take you longer to read. [Xom's mischief]
  5729 | D:6      | Lost mutation: You tend to lose your temper in combat. [Xom's mischief]
  5963 | D:6      | XOM: stat loss: -1 Dex (10/11)
  6117 | D:6      | XOM: medium Air miscast
  6119 | D:6      | XOM: torment (20/56 hp)
  6127 | D:6      | XOM: harmless Hex miscast
  6245 | D:6      | Reached skill level 7 in Axes
  6502 | D:6      | Found a staircase to the Ecumenical Temple.
  6654 | D:6      | XOM: severe Erth miscast
  6825 | D:6      | Reached skill level 5 in Armour
  7037 | D:7      | XOM: harmless Chrm miscast
  7048 | D:7      | Found an opulent altar of Gozag.
  7122 | D:7      | Noticed Prince Ribbit
  7147 | D:7      | Killed Prince Ribbit
  7147 | D:7      | Gained mutation: Your flesh is heat resistant. (rF+) [demonic ancestry]
  7147 | D:7      | Reached XP level 9. HP: 39/62 MP: 9/9
  7307 | D:7      | XOM: draining
  7403 | D:7      | XOM: medium Chrm miscast
  7407 | D:7      | XOM: mild Tloc miscast
  7417 | D:7      | XOM: enchant monster (bad)
  7419 | D:7      | XOM: swap monsters
  7428 | D:7      | Reached skill level 5 in Dodging
  7655 | D:7      | XOM: divination: magic mapping
  7813 | D:7      | Noticed Menkaure
  7819 | D:7      | Killed Menkaure
  7893 | D:7      | XOM: medium Summ miscast
  7912 | D:7      | XOM: give mutations
  7912 | D:7      | Gained mutation: You are very clumsy. (Dex -4) [Xom's mischief]
  7912 | D:7      | Lost mutation: You are frail. (-10% HP) [Xom's mischief]
  7912 | D:7      | Gained mutation: Scrolls take you much longer to read. [Xom's mischief]
  8077 | D:7      | Gained mutation: Your flesh is very heat resistant. (rF++) [mutagenic meat]
  8078 | D:7      | Gained mutation: Your flesh is almost immune to the effects of heat. (rF+++) [mutagenic meat]
  8197 | D:7      | XOM: give mutations
  8197 | D:7      | Lost mutation: You can translocate small distances at will. [Xom's mischief]
  8197 | D:7      | Lost mutation: Scrolls take you much longer to read. [Xom's mischief]
  8197 | D:7      | Gained mutation: You are frail. (-10% HP) [Xom's mischief]
  8469 | D:7      | Reached skill level 8 in Axes
  8605 | D:7      | XOM: give mutation
  8605 | D:7      | Lost mutation: You are very clumsy. (Dex -4) [Xom's mischief]
  8822 | D:7      | XOM: scenery: create altars
  9156 | D:8      | XOM: god gift: 8 javelins of penetration
  9205 | D:8      | Noticed a two-headed ogre
  9209 | D:8      | XOM: butterfly on damage
  9211 | D:8      | XOM: cast spell 'Summon Hydra'
  9217 | D:8      | Killed a two-headed ogre
  9513 | D:8      | XOM: potion effect (agility)
  9625 | D:8      | XOM: divination: detect creatures
  9641 | D:8      | XOM: cloud trail
  9746 | D:8      | XOM: divination: detect items
  9754 | D:8      | XOM: cleaving
  9868 | D:8      | XOM: god gift: 7 meat rations
  9946 | D:8      | Reached skill level 1 in Evocations
  9964 | D:8      | XOM: cast spell 'Leda's Liquefaction'
  9965 | D:8      | XOM: divination: detect creatures
  9969 | D:8      | Gained mutation: You are mostly covered in slimy green scales. (AC +3) [demonic ancestry]
  9969 | D:8      | Reached XP level 10. HP: 46/71 MP: 8/10
  9969 | D:8      | XOM: destruction
 10309 | D:8      | XOM: mild Tloc miscast
 10423 | D:9      | Found Era Zotimo's General Store.
 10519 | D:9      | XOM: destruction
 10532 | D:9      | XOM: polymorph yak -> meliai
 10539 | D:9      | Reached skill level 9 in Axes
 10539 | D:9      | XOM: enchant monster (good)
 10542 | D:9      | XOM: cast spell 'Summon Horrible Things'
 10544 | D:9      | Noticed a two-headed ogre
 10552 | D:9      | XOM: confuse monster(s)
 10555 | D:9      | Noticed an ettin
 10556 | D:9      | Noticed a satyr
 10556 | D:9      | an ettin changed into a satyr
 10557 | D:9      | Noticed an eye of devastation
 10557 | D:9      | a satyr changed into an eye of devastation
 10562 | D:9      | an eye of devastation changed into a dream sheep
 10567 | D:9      | Noticed a deep troll
 10567 | D:9      | a dream sheep changed into a deep troll
 10572 | D:9      | Killed a deep troll
 10583 | D:9      | XOM: cleaving
 10599 | D:8      | Gained mutation: You are dopey. (Int -2) [mutagenic meat]
 10600 | D:8      | Gained mutation: Scrolls take you much longer to read. [mutagenic meat]
 10601 | D:8      | Lost mutation: You are clumsy. (Dex -2) [mutagenic meat]
 10831 | D:9      | Found a sparkling altar of Nemelex Xobeh.
 10897 | D:9      | XOM: destruction
 10909 | D:9      | Killed a two-headed ogre
 10936 | D:9      | Lost mutation: Scrolls take you much longer to read. [potion of mutation]
 10936 | D:9      | Lost mutation: Your flesh is almost immune to the effects of heat. (rF+++) [potion of mutation]
 10936 | D:9      | Gained mutation: You are resistant to hostile enchantments. (MR+) [potion of mutation]
 10936 | D:9      | Gained mutation: Your spells are a little harder to cast, but a little more powerful. [potion of mutation]
 10936 | D:9      | Gained mutation: You have a pair of small horns on your head. [potion of mutation]
 10936 | D:9      | Gained mutation: You are agile. (Dex +2) [potion of mutation]
 11091 | D:9      | XOM: god gift: phantom mirror
 11162 | D:9      | XOM: god gift: knobbly steel ring {god gift}
 11387 | D:9      | Found a staircase to the Orcish Mines.
 11392 | D:9      | XOM: divination: detect items
 11395 | D:9      | XOM: harmless Fire miscast
 11442 | D:9      | XOM: divination: detect creatures
 11485 | D:8      | XOM: harmless Tmut miscast
 11489 | D:8      | HP: 3/71 [troll (8)]
 11490 | D:8      | Slain by a troll

Vault maps used:
D:1:      kilobyte_arrival_exit_the_forest, minmay_liquid_box
D:2:      first_bread
D:3:      gammafunk_temple_overflow_elements
D:4:      kennysheep_mini_moat, serial_shops, nicolae_shop_trees,
          nicolae_shop_waterfront, minmay_goblin_outpost
D:5:      serial_shops, shop, kennysheep_mini, grunt_ministairs_8,
          xom_confusion_cloud
D:6:      minmay_goblin_kobold_castle, minmay_temple_entry_glassed_door
D:7:      basic_altar, uniq_prince_ribbit1, uniq_menkaure
D:8:      hangedman_little_slice_of_home
D:9:      nemelex_xobeh_ov_fountains_minmay,
          kennysheep_orc_monster_closet_entryway, serial_shops, shop

Skill      XL: |  1  2  3  4  5  6  7  8  9 10 |
---------------+-------------------------------+-----
Dodging        | 1 2 3 4 5 6 |  6.4
Armour         | 2 3 4 5 6 |  6.6
Axes           | 3 4 5 6 7 8 9 |  9.5
Fighting       | 4 5 6 7 |  7.5
Evocations     | 1 3 |  3.8

Action                   |  1- 3 |  4- 6 |  7- 9 | 10-12 || total
-------------------------+-------+-------+-------+-------++-------
Melee: Hand axe          |    76 |   315 |   553 |   230 ||  1174
       Headbutt          |       |       |       |    20 ||    20
Throw: Javelin           |       |       |     7 |     2 ||     9
Evoke: Wand              |       |       |     7 |       ||     7
  Use: Potion            |       |     5 |     2 |     4 ||    11
       Scroll            |       |       |     2 |     4 ||     6
 Stab: Paralysed         |       |     2 |     9 |     1 ||    12
       Distracted        |       |     1 |     1 |       ||     2
       Petrified         |       |       |    16 |     5 ||    21
       Sleeping          |       |       |     4 |       ||     4
       Petrifying        |       |       |     1 |     1 ||     2
       Confused          |       |       |     1 |       ||     1
  Eat: Chunk             |       |     9 |    14 |     8 ||    31
       Bread ration      |       |       |     2 |       ||     2
Armor: Leather armour    |    34 |   134 |   233 |   117 ||   518
       Skin              |       |    18 |       |       ||    18
Dodge: Dodged            |    57 |   237 |   337 |   214 ||   845

Table legend:
 A = Spawn XP
 B = Non-spawn XP
 C = Spawn XP percentage of total XP
 D = Spawn monster count
 E = Non-spawn monster count
 F = Spawn count percentage of total count
 G = Total turns spent on level
                    A         B        C        D         E        F      G
               +---------+---------+-------+---------+---------+-------+---------
         Total |       0 |    8763 |   0.0 |       0 |     278 |   0.0 | 11490
               +---------+---------+-------+---------+---------+-------+---------
           D:1 |       0 |      32 |   0.0 |       0 |      18 |   0.0 |   752
           D:2 |       0 |     142 |   0.0 |       0 |      35 |   0.0 |   694
           D:3 |       0 |     458 |   0.0 |       0 |      30 |   0.0 |  1596
           D:4 |       0 |     357 |   0.0 |       0 |      27 |   0.0 |   729
           D:5 |       0 |     231 |   0.0 |       0 |      10 |   0.0 |  1244
           D:6 |       0 |    1385 |   0.0 |       0 |      70 |   0.0 |  1977
           D:7 |       0 |    1399 |   0.0 |       0 |      22 |   0.0 |  1903
           D:8 |       0 |    1908 |   0.0 |       0 |      29 |   0.0 |  1763
           D:9 |       0 |    2851 |   0.0 |       0 |      37 |   0.0 |   832
               +---------+---------+-------+---------+---------+-------+---------
